AoeStats
← {WaZzU'P} Recluta4!

Lombardia

510206452Analyzed
4v4 RM · 2d ago on Sep 29, 2026· 8m 55s· 8 players
Game mode
Random Map
Map size
Large (8 player)
Population
200
Speed
Normal
Resources
Standard
Victory
Conquest
Starting age
Dark Age
Ending age
Imperial Age
RankedLock teamsTeams togetherTeam positionsShared explorationLock speedFull tech treeHidden civsTurbo modeCheats
Victory
Defeat
🇺🇸 Romans · United States
1238
+12
🇨🇭 Japanese · Switzerland
1147
+16
🇺🇸 Turks · United States
1144
+16
🇻🇪 Chinese · Venezuela
1033
+20
🇲🇽 Saracens · Mexico
1154
-17
🇲🇽 Slavs · Mexico
1140
-16
🇦🇷 Persians · Argentina
1140
-16
🇺🇸 Burmese · United States
1114
-15
{WaZzU'P} Recluta4!
6:38 Loom
10:09 Feudal Age
{WaZzU'P} Sr Gilmapi
6:40 Loom
{WaZzU'P} GranPolo
2:56 Loom
stvmllc
7:51 Loom
10:35 Feudal Age
Gamaleon
Lord Tay
zapato3103
2:43 Loom
KillerINSTIC
4:03 Loom
9:46 Feudal Age
Connection lost

Rejoining the realm…

Still unreachable

The connection could not be restored.

Session expired

The server has moved on; the page needs a fresh start.